 Dungeon Sprint DCSS version 0.31-a0-986-g5e6e4ef867 (webtiles) character file.

Game seed: 10222443695764545156

1916 sircluck the Grappler (level 8, -7/92 HPs)
             Began as a Troll Berserker on Nov 13, 2023.
             Was a High Priest of Trog.
             Killed from afar by a gargoyle (23 damage)
             ... with a stone arrow
             ... in the Dungeon (Sprint IX: "|||||||||||||||||||||||||||||").
             The game lasted 00:00:51 (189 turns).

sircluck the Grappler (Troll Berserker)              Turns: 189, Time: 00:00:52

Health: -7/92      AC:  7    Str: 31    XL:     8   Next: 95%
Magic:  7/7        EV: 12    Int:  3    God:    Trog [*****.]
Gold:   0          SH:  0    Dex:  9    Spells: 7/7 levels left

rFire   . .          .
                       - Unarmed
rCold   . . .        (no shield)
rNeg    . . .        a - +0 animal skin
rPois   .            (helmet restricted)
rElec   .            l - +0 cloak
rCorr   .            (gloves unavailable)
SInv    .            (boots unavailable)
Will    .....        (no amulet)
Stlth   +            j - +2 ring of protection
HPRegen 1.15/turn    k - +3 ring of strength
MPRegen 0.10/turn

%: no teleportation
@: on berserk cooldown, slowed, very slow
A: large, unfitting armour, claws 3, regeneration 1, shaggy fur 1, tough skin 1
a: Renounce Religion, Berserk, Trog's Hand, Brothers in Arms


You were in the Dungeon.
You worshipped Trog.
Trog was extremely pleased with you.
You visited 1 branch

Inventory:

Armour
 a - a +0 animal skin (worn)
 l - a +0 cloak (worn)
Jewellery
 j - a +2 ring of protection (left claw)
 k - a +3 ring of strength (right claw)
Wands
 i - a wand of roots (10)
Scrolls
 g - 2 scrolls of blinking
Potions
 b - 5 potions of curing
 c - 3 potions of heal wounds
 d - a potion of haste
 e - 4 potions of magic
 f - a potion of berserk rage
 h - a potion of invisibility


   Skills:
 + Level 9.3 Fighting
 + Level 7.2 Armour
 + Level 9.3 Dodging
 + Level 11.0 Unarmed Combat


You had 7 spell levels left.
You didn't know any spells.
Your spell library was empty.

Dungeon Overview and Level Annotations

Branches:
Dungeon (1/1)

Altars:
Cheibriados
Dithmenos
Elyvilon
Fedhas
Gozag
Hepliaklqana
Kikubaaqudgha
Makhleb
Nemelex Xobeh
Okawaru
Qazlal
Ru
Sif Muna
Trog
Uskayaw
Vehumet
Wu Jian
Xom
Yredelemnul
Zin
The Shining One
Jiyva
Lugonu


Innate Abilities, Weirdness & Mutations

You are too large for most types of armour.
You have claws for hands.
Your natural rate of healing is unusually fast.
You are covered in fur. (AC +1)
You have tough skin. (AC +1)


Message History

The two-headed ogre hits you with a +0 giant club!
The two-headed ogre barely misses you.
You mangle the two-headed ogre!!
The two-headed ogre is severely wounded.
The boulder beetle barely misses you.
You mangle the two-headed ogre!!
You kill the two-headed ogre!
Trog accepts your kill.
Your Fighting skill increases to level 9!
Your Armour skill increases to level 7!
Your Dodging skill increases to level 9!
The slime creature closely misses you.
Things that are here:
a +0 giant club; a +0 dire flail You mangle the slime creature!!
The slime creature is heavily wounded.
You claw the slime creature! Your claw misses the slime creature.
The slime creature is severely wounded.
The boulder beetle closely misses you.
The slime creature hits you but does no damage.
You barely miss the slime creature. Your claw misses the slime creature.
The slime creature is severely wounded.
You completely miss the slime creature.
The slime creature is severely wounded.
The boulder beetle leaps!
The slime creature hits you!
* * * LOW HITPOINT WARNING * * *
You eviscerate the slime creature!!!
You kill the slime creature!
Trog accepts your kill.
Your Unarmed Combat skill increases to level 11!
Unknown command.
You are no longer berserk.
You are exhausted.
You feel yourself slow down. The gargoyle hits you with a +0 flail!
* * * LOW HITPOINT WARNING * * *
You scratch the gargoyle.
The gargoyle is lightly damaged.
The gargoyle hurls a stone arrow at you.
The stone arrow hits you!!
You die... ▓▓▓▓▓▓▓▓▓▓▓▓▓▓▓▓▓▓▓▓▓▓ +...9@)°)....)'..[.[.) ▓▓▓▓▓▓▓▓▓▓▓▓▓▓▓▓▓▓▓▓▓▓

You could see a gargoyle.

Vanquished Creatures
  A two-headed ogre (D)
  A troll (D)
  A shadow (D)
  A slime creature (D)
  A vampire (D)
  2 yaks (D)
  An acid dragon (D)
  An ogre (D)
  A centaur (D)
  A killer bee (D)
  A hound (D)
  A gnoll bouda (D)
  An adder (D)
  An ufetubus (D)
  A dart slug (D)
  2 ball pythons (D)
  A goblin (D)
  A jackal (D)
20 creatures vanquished.

Notes
Turn   | Place    | Note
-------+----------+-------------------------------------------
     0 | D        | sircluck the Troll Berserker began the quest for the Orb.
     0 | D        | Reached XP level 1. HP: 22/22 MP: 0/0
    10 | D        | Reached ** piety under Trog
    16 | D        | Reached XP level 2. HP: 31/31 MP: 1/1
    21 | D        | Noticed an ogre
    29 | D        | Reached skill level 4 in Unarmed Combat
    29 | D        | Reached XP level 3. HP: 38/39 MP: 2/2
    36 | D        | Reached *** piety under Trog
    37 | D        | Reached skill level 5 in Unarmed Combat
    39 | D        | Killed an ogre
    40 | D        | Reached skill level 5 in Fighting
    40 | D        | Reached skill level 5 in Dodging
    40 | D        | Reached skill level 6 in Unarmed Combat
    40 | D        | Reached XP level 4. HP: 33/50 MP: 3/3
    40 | D        | Reached XP level 5. HP: 38/58 MP: 4/4
    58 | D        | Found a snail-covered altar of Cheibriados.
    58 | D        | Found a shadowy altar of Dithmenos.
    58 | D        | Found a white marble altar of Elyvilon.
    58 | D        | Found a blossoming altar of Fedhas.
    58 | D        | Found an opulent altar of Gozag.
    59 | D        | Found a hazy altar of Hepliaklqana.
    60 | D        | Found a viscous altar of Jiyva.
    61 | D        | Found an ancient bone altar of Kikubaaqudgha.
    62 | D        | Found a corrupted altar of Lugonu.
    63 | D        | Found a burning altar of Makhleb.
    64 | D        | Found a sparkling altar of Nemelex Xobeh.
    65 | D        | Found an iron altar of Okawaru.
    66 | D        | Found a stormy altar of Qazlal.
    67 | D        | Found a sacrificial altar of Ru.
    68 | D        | Found a shimmering blue altar of Sif Muna.
    69 | D        | Found a bloodstained altar of Trog.
    70 | D        | Found a hide-covered altar of Uskayaw.
    71 | D        | Found a radiant altar of Vehumet.
    72 | D        | Found an ornate altar of the Wu Jian Council.
    73 | D        | Found a shimmering altar of Xom.
    74 | D        | Found a basalt altar of Yredelemnul.
    75 | D        | Found a glowing silver altar of Zin.
    76 | D        | Found a glowing golden altar of the Shining One.
   114 | D        | Noticed a yak
   114 | D        | Noticed a troll
   114 | D        | Noticed a centaur
   114 | D        | Noticed a yak
   114 | D        | Noticed an acid dragon
   117 | D        | Killed an acid dragon
   117 | D        | Reached **** piety under Trog
   118 | D        | Reached skill level 7 in Unarmed Combat
   118 | D        | Reached XP level 6. HP: 68/68 MP: 5/5
   121 | D        | Killed a yak
   122 | D        | Reached skill level 8 in Unarmed Combat
   127 | D        | Killed a troll
   128 | D        | Reached skill level 5 in Armour
   128 | D        | Reached skill level 9 in Unarmed Combat
   128 | D        | Reached XP level 7. HP: 79/79 MP: 6/6
   132 | D        | Killed a yak
   135 | D        | Reached ***** piety under Trog
   167 | D        | Noticed a gargoyle
   167 | D        | Noticed a slime creature
   167 | D        | Noticed a boulder beetle
   167 | D        | Noticed a two-headed ogre
   167 | D        | Noticed a shadow
   167 | D        | Noticed a vampire
   171 | D        | Killed a vampire
   172 | D        | Reached XP level 8. HP: 88/88 MP: 7/7
   175 | D        | Identified the +3 giant club "Joaniz" {antimagic, *Noise
                  | rElec rF++ SInv} (Trog gifted it to you in the Dungeon)
   175 | D        | Received a gift from Trog
   176 | D        | Reached skill level 10 in Unarmed Combat
   181 | D        | Killed a two-headed ogre
   187 | D        | Killed a slime creature
   188 | D        | Reached skill level 11 in Unarmed Combat
   189 | D        | Killed from afar by a gargoyle

Illustrated notes

Levels and vault maps discovered:
D:        linesprint [early_d, line_temple, items_1, d_10, items_2, lair_1,
          lair_end, items_3, orc_1, orc_end, items_4, d_15, swamp_1, shoals_1,
          snake_1, spider_1, d_20, vaults_1, items_5, swamp_end, shoals_end,
          snake_end, spider_end, vaults_end, d_27, items_6, zot_1, zot_end,
          crypt_end, forest_end, elf_end, slime_end, tomb_end, abyss_end,
          pan_hell_end]

Skill      XL: |  1  2  3  4  5  6  7  8 |
---------------+-------------------------+-----
Fighting       | 3 5 6 7 8 9 |  9.3
Dodging        | 3 5 6 7 8 9 |  9.3
Unarmed Combat | 4 6 7 9 11 | 11.0
Armour         | 2 5 7 |  7.2

Action                     |  1- 3 |  4- 6 |  7- 9 || total
---------------------------+-------+-------+-------++-------
  Melee: Unarmed           |    27 |    25 |    26 ||    78
 Invoke: Berserk           |       |     1 |     1 ||     2
 Armour: Animal skin       |    22 |    32 |    14 ||    68
  Dodge: Dodged            |    12 |    22 |     4 ||    38

Table legend: (Time is in decaauts)
 A = Elapsed time spent in this place.
 B = Non-inter-level travel time spent in this place.
 C = Inter-level travel time spent in this place.
 D = Time resting spent in this place.
 E = Time spent auto-exploring this place.
 F = Levels seen in this place.
 G = Mean time per level.
                   A        B        C        D        E       F      G
               +--------+--------+--------+--------+--------+-----+--------+
         Total |    174 |    174 |      0 |     24 |     14 |   1 |  174.0 |
       Dungeon |    174 |    174 |      0 |     24 |     14 |   1 |  174.0 |
               +--------+--------+--------+--------+--------+-----+--------+

Top non-repeatable levels by time:
       D: 174 daAuts
